 Dungeon Crawl Stone Soup version 0.23.2-30-g0e89c35649 (webtiles) character file.

Game seed: 9648242591175053161

25 DildoBatman the Magician (level 3, -1/24 HPs)
             Began as a Formicid Wizard on June 21, 2019.
             Slain by a jackal (2 damage)
             ... on level 1 of the Dungeon.
             The game lasted 00:02:20 (747 turns).

DildoBatman the Magician (Formicid Wizard)           Turns: 747, Time: 00:02:20

Health: -1/24      AC:  2    Str: 11    XL:     3   Next: 17%
Magic:  6/7        EV: 12    Int: 18    God:
Gold:   26         SH:  0    Dex:  9    Spells: 7/8 levels left

rFire    . . .     SeeInvis +   b - +3 hunting sling
rCold    . . .     Gourm    .   (no shield)
rNeg     . . .     Faith    .   d - +0 robe
rPois    .         Spirit   .   (helmet unavailable)
rElec    .         Reflect  .   (no cloak)
rCorr    .         Harm     .   (no gloves)
MR       .....                  (no boots)
Stlth    ++........             (no amulet)
HPRegen  0.08/turn              (no ring)
MPRegen  0.10/turn              (no ring)

@: no status effects
A: permanent stasis, dig shafts and tunnels, four strong arms, antennae 3
a: Dig, Shaft Self


You were on level 1 of the Dungeon.
You were not hungry.

You visited 1 branch of the dungeon, and saw 2 of its levels.

You collected 26 gold pieces.

Inventory:

Hand Weapons
 a - a +0 club
 b - a +3 hunting sling (weapon)
 h - a +0 dagger of electrocution
Missiles
 g - 21 stones (quivered)
Armour
 d - a +0 robe (worn)
Scrolls
 f - a scroll of identify {unknown}
Potions
 e - a potion of flight {unknown}
Comestibles
 v - a ration


   Skills:
 - Level 1.7 Dodging
 - Level 2.4 Stealth
 - Level 3.2 Spellcasting
 * Level 2.6 Conjurations
   Level 1.0 Summonings
   Level 0.8 Translocations


You had 7 spell levels left.
You knew the following spells:

 Your Spells              Type           Power        Failure   Level  Hunger
c - Magic Dart            Conj           ##..         5%          1    None

Your spell library contained the following spells:

 Spells                   Type           Power        Failure   Level  Hunger
 Call Imp                 Summ           #.......     16%         2    ##.....
 Slow                     Hex            #.......     24%         2    ##.....
 Conjure Flame            Conj/Fire      #.......     28%         3    ###....
 Mephitic Cloud           Conj/Pois/Air  #.......     32%         3    ###....
 Blink                    Tloc           Unusable     N/A         2    N/A

Dungeon Overview and Level Annotations

Branches:
Dungeon (2/15)

Altars:


Innate Abilities, Weirdness & Mutations

You cannot be hasted, slowed, berserked, paralysed or teleported.
You can dig through walls and to a lower floor.
Your four strong arms can wield two-handed weapons with a shield.
You have a pair of large antennae on your head. (SInv)


Message History

The jackal bites you but does no damage.
The jackal bites you.
Firing (i - inventory)
g - 22 stones (quivered)
Press: ? - help, Shift-Dir - straight line, f/p - jackal
Aim: a jackal You shoot a stone.
The stone closely misses the jackal.
The stone hits the hobgoblin.
The hobgoblin is severely wounded.
The jackal bites you but does no damage.
No other missiles available.
Use F to throw any item.
Unknown command.
Casting: Magic Dart (safe; 5% risk of failure)
Confirm with . or Enter, or press ? or * to list all spells.
Aiming: Magic Dart (safe; 5% risk of failure)
Press: ? - help, Shift-Dir - straight line, f/p - jackal
Aim: a jackal The magic dart hits the jackal but does no damage.
The jackal bites you. x2
You die...

####### ##### .......
#... {
..r....####.### ###
.......@hgg..(# ..#
.......####.#.#####.#
..# .......
#.#.#...... ..#
....... #.#gg.####
..# ###....
.##..##..## #
..#.####
##########........#.#
..#....
................#
..#..#
####...........#
..#..# ###...>....##


You could see a jackal, a hobgoblin, a goblin and a rat.

Vanquished Creatures
  2 dart slugs (D:1)
  A leopard gecko (D:1)
  4 bats (D:1)
  2 giant cockroaches (D:2)
  4 hobgoblins (D:1)
  2 frilled lizards (D:1)
  4 rats (D:1)
19 creatures vanquished.

Notes
Turn   | Place    | Note
-------+----------+-------------------------------------------
     0 | D:1      | DildoBatman the Formicid Wizard began the quest for the
                  | Orb.
     0 | D:1      | Reached XP level 1. HP: 13/13 MP: 4/4
    17 | D:1      | Reached skill level 1 in Conjurations
   231 | D:1      | Reached XP level 2. HP: 19/19 MP: 0/6
   447 | D:1      | Reached XP level 3. HP: 10/24 MP: 1/7
   458 | D:1      | You fall through a shaft!
   747 | D:1      | HP: 1/24 [jackal (1)]
   747 | D:1      | Slain by a jackal

Skill      XL: |  1  2 |
---------------+-------+-----
Conjurations   | 1 2 |  2.6
Dodging        | |  1.7
Stealth        | |  2.4
Spellcasting   | |  3.2
Summonings     | |  1.0
Translocations | |  0.8

Action                   || total
-------------------------++-------
Melee: Unarmed           ||     2
       Club              ||    17
 Fire: Hunting sling     ||     4
 Cast: Magic Dart        ||    40
 Abil: Dig               ||     1
Armor: Robe              ||    17
Dodge: Dodged            ||    37
